Map: Pillars of Gold LE

Players

LALALA

  • Race: Terran Terran
  • League: Master
  • Spawn Location: 1:00

IIIIIIlllIII - Winner!

  • Race: Terran Terran
  • League: Diamond
  • Spawn Location: 7:00

VOD

https://www.twitch.tv/videos/805281792

Description

Ketroc vs proxy marauders. Macro is reasonably good.

Time

  • Played on: Nov. 16, 2020, 3:24 p.m.
  • Length: 15:15
Show
View Real Time Build Order
Export as new Build Order

LALALA Terran 

Build Orders:  

Get SALT Encoding   

  12  0:00  SCV  
  13  0:12  SCV  
  14  0:24  SCV, Supply Depot  
  15  0:30  Refinery  
  15  0:53  Barracks  
  15  0:58  Barracks  
  15  1:11  Barracks  
  15  1:22  Supply Depot  
  15  1:28  SCV  
  16  1:40  SCV  
  16  1:47  Barracks Tech Lab  
  17  1:48  Barracks Tech Lab  
  17  1:54  SCV  
  18  2:05  Marauder  
  20  2:13  Marauder  
  22  2:16  Concussive Shells  
  22  2:27  Marauder  
  24  2:34  Marauder  
  26  2:37  SCV  
  26  2:48  Marauder  
  28  2:54  Supply Depot  
  28  3:02  Marauder  
  29  3:12  Marauder  
  29  3:18  SCV  
  30  3:24  Refinery  
  30  3:30  SCV  
  31  3:42  SCV  
  28  4:02  SCV  
  21  4:03  Command Center  
  21  4:13  Factory  
  21  4:20  SCV  
  22  4:32  SCV  
  23  4:44  SCV  
  24  4:56  SCV  
  25  5:01  Factory Tech Lab  
  25  5:03  Factory  
  25  5:08  SCV  
  26  5:17  Starport  
  26  5:20  SCV  
  27  5:26  Engineering Bay  
  27  5:33  SCV  
  28  5:39  Orbital Command  
  28  5:45  SCV  
  28  5:47  Factory Tech Lab  
  29  5:50  Cyclone  
  32  6:01  Missile Turret  
  32  6:02  Starport Tech Lab  
  32  6:04  Orbital Command  
  32  6:09  Cyclone  
  35  6:13  SCV  
  36  6:25  SCV  
  37  6:26  Missile Turret  
  37  6:29  Raven  
  39  6:34  SCV  
  40  6:40  Refinery  
  40  6:43  SCV  
  40  6:46  SCV  
  42  6:49  Cyclone  
  45  6:55  SCV  
  45  6:56  Supply Depot  
  45  6:58  SCV  
  47  7:05  Cyclone  
  47  7:08  SCV  
  51  7:10  SCV  
  51  7:14  Factory  
  52  7:21  Cyclone  
  55  7:23  SCV  
  55  7:24  SCV  
  55  7:25  Supply Depot  
  57  7:32  Armory  
  57  7:37  Starport Reactor  
  57  7:40  SCV  
  57  7:41  SCV  
  59  7:44  Refinery  
  59  7:49  Factory  
  59  7:52  SCV, Barracks Reactor  
  59  7:54  Cyclone  
  63  8:01  SCV  
  63  8:04  SCV  
  65  8:08  Command Center  
  65  8:10  Factory Reactor  
  65  8:12  Mag-Field Accelerator  
  65  8:14  SCV  
  66  8:20  Supply Depot  
  66  8:21  SCV  
  66  8:26  Terran Vehicle Weapons Level 1  
  67  8:31  Viking  
  69  8:34  Factory Reactor  
  69  8:38  Supply Depot  
  69  8:41  SCV  
  69  8:43  SCV  
  71  8:49  Drilling Claws  
  71  8:51  Widow Mine x2  
  71  8:53  SCV  
  71  8:54  Viking  
  78  8:59  SCV  
  78  9:01  Supply Depot  
  79  9:05  SCV  
  79  9:09  Viking  
  82  9:11  Widow Mine x2  
  86  9:20  SCV x2  
  85  9:32  SCV  
  85  9:35  SCV  
  85  9:38  Widow Mine x2  
  91  9:39  Siege Tank  
  91  9:40  Viking  
  91  9:44  SCV  
  91  9:45  Command Center  
  97  9:47  SCV  
  98  9:55  Infernal Pre-Igniter  
  98  9:56  SCV  
  98  9:59  SCV, Factory, Widow Mine  
  105  10:00  Siege Tank  
  105  10:04  SCV  
  106  10:08  SCV  
  106  10:11  SCV  
  108  10:16  SCV  
  108  10:18  Refinery  
  109  10:27  Supply Depot  
  109  10:28  Armory  
  109  10:30  Refinery  
  109  10:39  Supply Depot  
  109  10:43  Factory Tech Lab, Supply Depot  
  109  10:48  SCV x2, Siege Tank x2, Widow Mine  
  117  10:54  Widow Mine  
  117  10:56  SCV  
  118  10:59  Hellbat  
  118  11:00  SCV x2  
  118  11:01  Widow Mine  
  123  11:08  SCV  
  123  11:10  Command Center, Viking  
  123  11:11  Viking  
  128  11:12  SCV x2  
  128  11:16  Widow Mine  
  132  11:22  SCV  
  133  11:27  SCV x2  
  133  11:28  Siege Tank  
  132  11:35  Siege Tank, Widow Mine  
  133  11:42  Planetary Fortress  
  133  11:44  Supply Depot x2  
  133  11:48  SCV x2, Siege Tank  
  138  12:00  Siege Tank  
  138  12:01  SCV x2  
  125  12:05  Viking x2  
  125  12:07  Siege Tank  
  130  12:13  SCV  
  131  12:16  Terran Vehicle And Ship Armor Level 1  
  131  12:17  Hellion, Widow Mine x2  
  131  12:21  Siege Tank  
  140  12:25  SCV, Supply Depot  
  140  12:26  Terran Vehicle Weapons Level 2  
  140  12:29  Widow Mine  
  143  12:33  Widow Mine, Supply Depot  
  145  12:37  SCV x2, Supply Depot  
  145  12:38  Widow Mine  
  145  12:40  Siege Tank  
  145  12:41  Widow Mine, Missile Turret  
  145  12:44  Widow Mine  
  156  12:50  Widow Mine  
  158  12:51  Supply Depot  
  158  12:53  Factory  
  158  12:58  Siege Tank  
  155  13:08  Hellion x2, Siege Tank  
  157  13:13  Widow Mine  
  157  13:14  Widow Mine  
  157  13:18  Widow Mine  
  123  13:29  Widow Mine x2  
  123  13:30  Widow Mine  
  123  13:33  SCV  
  128  13:35  Widow Mine x2  
  128  13:40  Widow Mine x2  
  88  13:50  Widow Mine  
  88  13:51  Widow Mine x2  
  94  13:56  Widow Mine x2  
  94  14:01  Widow Mine  
  94  14:02  Widow Mine  
  92  14:12  Widow Mine  
  92  14:15  Widow Mine  
Show
View Real Time Build Order
Export as new Build Order

IIIIIIlllIII Terran - Winner!

Build Orders:  

Get SALT Encoding   

  12  0:00  SCV  
  13  0:12  SCV  
  14  0:18  Supply Depot  
  14  0:25  SCV  
  15  0:39  SCV  
  15  0:42  Barracks  
  16  0:51  SCV  
  17  1:04  SCV  
  18  1:16  Command Center  
  18  1:20  SCV  
  19  1:28  Marine  
  20  1:33  Orbital Command  
  20  1:42  Bunker  
  20  1:47  Supply Depot  
  20  1:49  Marine  
  21  2:00  SCV, Bunker  
  22  2:08  Refinery, Marine  
  23  2:20  Refinery  
  23  2:27  Refinery  
  23  2:28  SCV  
  23  2:29  Refinery  
  24  2:30  Marine  
  24  2:34  SCV  
  26  2:40  SCV, Engineering Bay  
  27  2:46  SCV  
  28  2:52  SCV  
  29  2:58  SCV  
  29  3:00  Factory  
  29  3:04  SCV  
  31  3:19  SCV x2  
  32  3:47  Marine  
  30  3:55  Planetary Fortress  
  29  4:03  Bunker  
  29  4:05  SCV, Marine  
  31  4:18  SCV  
  31  4:22  Starport  
  31  4:23  Factory Tech Lab  
  32  4:30  SCV  
  33  4:37  SCV  
  34  4:42  SCV  
  35  4:49  SCV, Missile Turret  
  35  4:50  Missile Turret  
  36  4:53  Missile Turret  
  36  4:54  SCV  
  36  4:55  Missile Turret  
  36  4:58  Missile Turret x2  
  37  5:01  SCV  
  37  5:06  SCV  
  39  5:13  SCV  
  40  5:18  SCV  
  41  5:25  SCV  
  41  5:27  Starport  
  41  5:28  Factory Tech Lab, Corvid Reactor  
  42  5:30  SCV  
  43  5:37  SCV  
  43  5:42  SCV  
  45  5:49  SCV, Command Center  
  46  5:57  Neosteel Armor  
  46  6:00  Supply Depot  
  46  6:10  Supply Depot  
  46  6:17  Command Center  
  46  6:22  SCV x2  
  46  6:23  Raven x2  
  52  6:27  Supply Depot  
  52  6:34  SCV x2  
  54  6:41  Command Center  
  54  6:46  SCV x2  
  56  6:56  Supply Depot  
  56  6:58  SCV x2, Supply Depot  
  58  7:10  SCV x2  
  60  7:22  SCV x2  
  62  7:24  Raven x2  
  62  7:27  Factory Reactor  
  66  7:30  Orbital Command  
  66  7:32  Armory  
  66  7:34  SCV x2, Supply Depot  
  68  7:37  Hi-Sec Auto Tracking  
  68  7:42  Refinery, Planetary Fortress  
  68  7:43  Missile Turret  
  68  7:44  Refinery, Missile Turret x2  
  68  7:50  SCV x2  
  70  7:55  SCV  
  71  8:06  Raven x2  
  71  8:08  Widow Mine x2  
  79  8:20  Refinery  
  79  8:21  Refinery  
  79  8:23  Missile Turret  
  79  8:24  Missile Turret  
  79  8:25  Planetary Fortress  
  79  8:29  Widow Mine x2  
  83  8:38  Starport  
  83  8:40  SCV x2  
  85  8:44  Factory  
  85  8:47  Factory  
  85  8:48  SCV  
  85  8:49  SCV, Raven x2  
  85  8:51  Widow Mine x2  
  85  8:52  SCV  
  96  8:57  SCV  
  96  9:01  SCV x2  
  99  9:04  SCV  
  100  9:12  Widow Mine x2  
  100  9:15  Terran Ship Weapons Level 1  
  104  9:18  Supply Depot  
  104  9:22  Starport Tech Lab  
  104  9:23  Supply Depot  
  102  9:25  Supply Depot  
  102  9:32  Raven x2  
  102  9:34  Widow Mine  
  108  9:52  Raven  
  110  9:54  Widow Mine  
  110  9:55  Widow Mine  
  110  9:56  Factory Reactor x2  
  114  10:07  SCV  
  114  10:08  SCV x4  
  119  10:15  Raven x2, Widow Mine  
  119  10:17  Command Center  
  119  10:19  SCV  
  119  10:20  SCV x3  
  129  10:21  Command Center  
  129  10:23  Supply Depot x2  
  129  10:29  Starport  
  129  10:30  Starport  
  129  10:34  Raven  
  129  10:35  Widow Mine x5  
  141  10:36  Widow Mine  
  143  10:56  Widow Mine x2  
  147  10:58  Raven x2  
  151  11:17  Raven  
  153  11:23  Widow Mine  
  153  11:24  Widow Mine x4  
  159  11:37  Widow Mine  
  161  11:40  Raven x2  
  161  11:45  Widow Mine x5  
  175  11:48  SCV x5  
  180  11:59  Widow Mine  
  180  12:00  SCV x5, Raven  
  189  12:12  SCV x5  
  194  12:23  Raven  
  194  12:24  SCV x2  
  198  12:33  Raven  
  200  12:41  Starport Tech Lab x2, Command Center x2  
  198  13:00  Refinery  
  198  13:03  Missile Turret  
  198  13:04  Refinery, Missile Turret  
  182  13:52  Widow Mine  
  182  13:53  Widow Mine x5, Planetary Fortress x2  
  176  14:14  Widow Mine x6  
  171  14:35  Widow Mine x2  
  171  14:36  Widow Mine  
Tags
 
Add a new tag
Caveats
  • Supply blocks, unpowered buildings, or Contaminate may cause inaccurate times.
  • Supply counts are checked every 10 seconds.